 Dungeon Crawl Stone Soup version 0.19-a0-1457-g32fba05 (webtiles) character file.

242 rlgrobin the Chopper (level 6, -4/47 HPs)
             Began as a Formicid Chaos Knight on Sept 6, 2016.
             Slain by an iguana (11 damage)
             ... on level 4 of the Dungeon.
             The game lasted 00:06:20 (3489 turns).

rlgrobin the Chopper (Formicid Chaos Knight)        Turns: 3489, Time: 00:06:21

Health: -4/47      AC:  2    Str: 16 (17) XL:     6   Next: 30%
Magic:  6/6        EV: 10    Int: 11      God:    Xom [*.....]
Gold:   214        SH:  2    Dex:  7 (10) Spells: 0 memorised, 5 levels left

rFire  . . .     SeeInvis +     e - +0 hand axe
rCold  . . .     Gourm    .     i - +0 ring mail
rNeg   . . .     Faith    .     (no shield)
rPois  .         Spirit   .     (helmet unavailable)
rElec  .         Dismiss  .     (no cloak)
rCorr  .         Reflect  +     (no gloves)
MR     .....     Harm     .     (no boots)
Stlth  ..........               g - +2 amulet of reflection
                                (no ring)
                                (no ring)

@: no status effects
A: permanent stasis, dig shafts and tunnels, four strong arms, antennae 3, claws
1, clumsy 1, deformed body, deterioration 2
a: Dig, Shaft Self, Renounce Religion


You were on level 4 of the Dungeon.
You worshipped Xom.
You were a special plaything of Xom.
You were hungry.

You visited 1 branch of the dungeon, and saw 4 of its levels.

You collected 214 gold pieces.

Inventory:

Hand Weapons
 e - a +0 hand axe (weapon)
Missiles
 j - 134 stones (quivered)
Armour
 b - a +2 leather armour
 i - a +0 ring mail (worn)
Jewellery
 g - a +2 amulet of reflection (around neck)
Scrolls
 h - 2 scrolls of remove curse
 k - a scroll of identify
 m - a scroll of amnesia {unknown}
Potions
 a - 2 potions of flight {unknown}
 c - a potion of curing
 l - 3 potions of agility {unknown}
 n - a potion of cure mutation {unknown}
Comestibles
 d - 3 meat rations
 f - 2 slices of pizza


   Skills:
 - Level 3.2 Fighting
 + Level 6.6 Axes
 - Level 2.1 Armour
 - Level 0.8 Dodging


You had 5 spell levels left.
You didn't know any spells.

Dungeon Overview and Level Annotations

Branches:
Dungeon (4/15)
 Temple: D:4-7

Altars:


Innate Abilities, Weirdness & Mutations

You are under a permanent stasis effect.
You can dig through walls and to a lower floor.
Your four strong arms can wield two-handed weapons with a shield.
You have a pair of large antennae on your head. (SInv)
You have sharp fingernails.
You are clumsy. (Dex -2)
Armour fits poorly on your strangely shaped body.
Your body often deteriorates upon taking damage.


Message History

You hit the iguana.
The iguana is moderately wounded.
The iguana bites you.
You hit the iguana but do no damage.
The iguana is moderately wounded.
The iguana barely misses you.
You barely miss the iguana.
The iguana is moderately wounded.
The iguana bites you!
You are too injured to fight recklessly!
You are too injured to fight recklessly!
You are too injured to fight recklessly!
Your ring mail prevents you from hitting the iguana.
The iguana is moderately wounded.
The iguana bites you!
* * * LOW HITPOINT WARNING * * *
You slash the iguana!
The iguana is severely wounded.
The iguana bites you!
You die...

###..... #...#
#.##.. #...#
###.##.. #...##
#....... . #
#...##.###.#....(
... #<
#....#...........
....#.##....#
##........
............#
#..#####.
#.<..l@....# #..#
#.
##.######..####..#
## #........######
...................
###################


You could see an iguana.

Vanquished Creatures
  The ghost of heinrich the Slasher, an amateur HESk (D:3)
  An orc wizard (D:3)
  Robin (D:3)
  4 adders (D:2)
  A howler monkey skeleton (D:4)
  6 worms
  A dart slug (D:2)
  9 orcs
  7 bats
  3 giant cockroaches
  17 goblins
  12 hobgoblins
  A quokka (D:3)
  A giant newt (shapeshifter) (D:3)
  6 kobolds
  A quokka skeleton (D:4)
  5 rats
77 creatures vanquished.

Notes
Turn   | Place    | Note
-------+----------+-------------------------------------------
     0 | D:1      | rlgrobin the Formicid Chaos Knight began the quest for the Orb.
     0 | D:1      | Reached XP level 1. HP: 18/18 MP: 1/1
   146 | D:1      | Reached XP level 2. HP: 23/24 MP: 2/2
   416 | D:1      | XOM: cast spell 'Spider Form'
   535 | D:2      | XOM: potion effect (heal wounds)
   540 | D:2      | Reached skill level 4 in Axes
   540 | D:2      | Reached XP level 3. HP: 18/29 MP: 3/3
   623 | D:2      | XOM: silly message
  1237 | D:2      | XOM: divination: detect items
  1397 | D:2      | XOM: potion effect (brilliance)
  1401 | D:2      | XOM: silly message
  1435 | D:2      | Reached XP level 4. HP: 19/35 MP: 4/4
  1658 | D:2      | Reached skill level 5 in Axes
  1665 | D:2      | Gained mutation: You passively map a small area around you. [potion of mutation]
  1665 | D:2      | Gained mutation: Your body sometimes deteriorates upon taking damage. [potion of mutation]
  1665 | D:2      | Gained mutation: Your body often deteriorates upon taking damage. [potion of mutation]
  2115 | D:3      | Noticed Robin
  2120 | D:3      | XOM: cast spell 'Call Canine Familiar'
  2128 | D:3      | Killed Robin
  2138 | D:3      | Reached XP level 5. HP: 31/41 MP: 5/5
  2142 | D:3      | XOM: divination: magic mapping
  2349 | D:2      | XOM: god gift: 52 gold pieces {god gift}
  2655 | D:3      | Noticed heinrich's ghost (amateur HESk)
  2692 | D:3      | XOM: summons friendly quasit
  2700 | D:3      | XOM: confuse monster(s)
  2714 | D:3      | Killed heinrich's ghost
  2714 | D:3      | Reached skill level 6 in Axes
  2714 | D:3      | Reached XP level 6. HP: 30/47 MP: 6/6
  2855 | D:3      | XOM: cloud trail
  2892 | D:3      | XOM is BORED!
  2892 | D:3      | XOM: give mutations
  2892 | D:3      | Lost mutation: You passively map a small area around you. [Xom's mischief]
  2892 | D:3      | Gained mutation: You have sharp fingernails. [Xom's mischief]
  2892 | D:3      | Gained mutation: You are clumsy. (Dex -2) [Xom's mischief]
  2892 | D:3      | Gained mutation: Armour fits poorly on your strangely shaped body. [Xom's mischief]
  2919 | D:3      | XOM: scenery: 1 doors open
  3489 | D:4      | Slain by an iguana

Vault maps used:
D:1:      mrwooster_arrival_statue_3
D:2:      mumra_celtic_spiral_tile
D:3:      uniq_robin
D:4:      minmay_misc_feat_secret_circle

Skill      XL: |  1  2  3  4  5 |
---------------+----------------+-----
Axes           | 4 5 6 |  6.6
Fighting       | |  3.2
Armour         | |  2.1
Dodging        | |  0.8

Action                   |  1- 3 |  4- 6 || total
-------------------------+-------+-------++-------
Melee: Hand axe          |    89 |   179 ||   268
  Use: Scroll            |       |     6 ||     6
       Potion            |       |     2 ||     2
  Eat: Chunk             |     2 |     1 ||     3
       Bread ration      |       |     1 ||     1
Armor: Leather armour    |    22 |       ||    22
       Ring mail         |    15 |    44 ||    59
       Skin              |       |    27 ||    27
Dodge: Dodged            |    65 |    79 ||   144
Block: Other             |       |     3 ||     3
